Map: Seeds of Aiur

Players

ILIEKEGGPIE

  • Race: Protoss Protoss
  • League: Platinum
  • Spawn Location: 1:00

HammeR

  • Race: Protoss Protoss
  • League: Diamond
  • Spawn Location: 1:00

Ser

  • Race: Protoss Protoss
  • Spawn Location: 7:00

TeaBee

  • Race: Terran Terran
  • League: Platinum
  • Spawn Location: 7:00

VOD

Have the link to the VOD?

Description

Time

  • Played on: May 28, 2018, 11:23 a.m.
  • Length: 12:32
Show
View Real Time Build Order
Export as new Build Order

ILIEKEGGPIE Protoss 

Build Orders: 1 Gate Expand, Phoenix Opening 

Get SALT Encoding   

  12  0:03  Probe  
  13  0:15  Probe  
  13  0:19  Pylon  
  14  0:27  Probe  
  15  0:35  Probe  
  16  0:46  Probe  
  16  0:47  Gateway  
  16  0:49  Assimilator  
  17  0:58  Probe  
  18  1:10  Probe  
  19  1:22  Probe  
  20  1:35  Nexus  
  20  1:38  Cybernetics Core  
  20  1:43  Assimilator  
  20  1:54  Probe  
  21  1:58  Pylon  
  21  2:06  Probe  
  22  2:22  Stargate  
  22  2:27  Warp Gate  
  22  2:28  Adept  
  22  2:29  Probe  
  25  2:37  Probe  
  26  2:49  Probe  
  26  2:53  Pylon  
  26  2:54  Probe  
  28  3:00  Adept  
  28  3:01  Probe  
  28  3:03  Probe  
  28  3:05  Phoenix  
  31  3:11  Probe  
  34  3:13  Probe  
  35  3:22  Probe  
  35  3:25  Phoenix  
  38  3:40  Probe x2  
  40  3:50  Phoenix, Probe  
  40  3:51  Gateway  
  40  3:52  Probe  
  44  3:58  Probe  
  45  4:04  Probe  
  45  4:06  Probe  
  46  4:16  Probe  
  48  4:18  Stargate  
  48  4:33  Phoenix  
  50  4:42  Probe  
  50  4:43  Assimilator  
  51  4:47  Pylon  
  51  4:49  Assimilator  
  51  4:53  Probe  
  51  4:58  Phoenix  
  54  5:04  Pylon  
  54  5:12  Phoenix  
  56  5:15  Probe x2  
  56  5:20  Nexus  
  58  5:23  Phoenix  
  60  5:28  Probe  
  61  5:36  Phoenix  
  63  5:43  Phoenix  
  63  5:47  Probe x2  
  67  5:53  Phoenix, Pylon  
  65  5:59  Probe x2  
  69  6:06  Phoenix  
  69  6:09  Robotics Facility  
  69  6:10  Robotics Facility  
  71  6:33  Probe x3  
  71  6:35  Phoenix x2  
  71  6:38  Assimilator  
  78  6:42  Assimilator  
  78  6:44  Pylon x2  
  78  6:47  Forge  
  78  6:48  Shield Battery  
  78  6:51  Shield Battery, Forge  
  78  6:52  Probe  
  78  6:53  Probe x2  
  81  6:54  Immortal x2  
  89  7:05  Probe x2  
  91  7:13  Probe  
  92  7:17  Probe x2  
  94  7:23  Twilight Council  
  94  7:25  Probe  
  94  7:27  Pylon  
  94  7:28  Pylon  
  94  7:29  Probe x2  
  97  7:32  Immortal  
  97  7:36  Immortal  
  101  7:38  Probe  
  101  7:40  Protoss Ground Weapons Level 1  
  101  7:43  Protoss Ground Armor Level 1  
  106  8:00  Charge  
  106  8:11  Immortal  
  110  8:15  Immortal  
  94  9:12  Warp Prism x2  
  98  9:17  Phoenix  
  98  9:18  Phoenix  
  102  9:30  Gateway  
  102  9:32  Gateway  
  102  9:33  Gateway, Protoss Ground Weapons Level 2  
  102  9:34  Protoss Ground Armor Level 2  
  98  9:53  Gateway  
  98  9:54  Gateway  
  98  10:17  Pylon  
  98  10:19  Nexus  
  98  10:21  Pylon  
  98  10:26  Zealot  
  98  10:27  Zealot  
  98  10:28  Zealot x2  
  106  10:31  Zealot  
  108  10:39  Gateway  
  108  10:43  Gateway  
  106  10:50  Zealot x4  
  114  10:57  Templar Archives  
  106  11:20  Phoenix x2  
  100  11:29  Immortal x2  
  100  11:32  Gateway, Stargate  
  104  11:52  Zealot x5  
  104  11:53  Zealot x2  
  82  12:24  Stalker x6  
  82  12:25  Stalker x2  
Show
View Real Time Build Order
Export as new Build Order

HammeR Protoss 

Build Orders:  

Get SALT Encoding   

  12  0:01  Probe  
  13  0:13  Probe  
  14  0:26  Pylon  
  14  0:28  Probe  
  15  0:44  Probe  
  15  0:45  Gateway  
  16  0:50  Assimilator  
  16  0:52  Probe  
  17  1:00  Probe  
  17  1:02  Assimilator  
  17  1:11  Probe  
  19  1:23  Probe  
  20  1:26  Gateway  
  20  1:35  Probe  
  21  1:44  Probe  
  21  1:45  Cybernetics Core  
  21  1:46  Pylon  
  21  1:52  Probe  
  23  2:02  Probe  
  24  2:15  Warp Gate  
  23  2:24  Stalker x2  
  23  2:26  Probe  
  28  2:42  Nexus  
  28  2:47  Pylon  
  28  2:54  Probe  
  29  3:01  Stalker  
  31  3:06  Probe  
  32  3:14  Stalker  
  32  3:18  Probe  
  35  3:28  Robotics Facility  
  35  3:48  Probe  
  36  3:53  Gateway  
  36  3:55  Gateway  
  36  3:57  Pylon  
  36  3:59  Probe  
  36  4:00  Probe  
  38  4:12  Probe  
  38  4:14  Probe  
  40  4:24  Probe  
  40  4:26  Probe  
  42  4:52  Probe  
  43  4:58  Robotics Bay  
  43  4:59  Observer  
  44  5:03  Probe  
  44  5:04  Probe  
  46  5:08  Assimilator  
  46  5:12  Assimilator  
  46  5:13  Probe  
  46  5:15  Stalker  
  46  5:16  Stalker x3, Probe  
  46  5:21  Immortal, Probe  
  61  5:28  Probe  
  62  5:44  Forge  
  62  5:45  Forge  
  62  5:47  Extended Thermal Lance  
  62  5:49  Pylon  
  62  5:50  Pylon  
  62  5:51  Pylon  
  62  6:05  Probe  
  62  6:08  Protoss Ground Armor Level 1, Protoss Ground Weapons Level 1  
  63  6:13  Probe  
  63  6:15  Probe  
  65  6:21  Probe  
  65  6:22  Stalker x2  
  65  6:23  Stalker x2  
  74  6:28  Probe  
  74  6:30  Twilight Council  
  75  6:33  Probe  
  75  6:37  Colossus  
  76  6:40  Probe  
  76  6:45  Probe  
  84  6:55  Nexus  
  84  6:59  Pylon  
  84  7:00  Pylon  
  84  7:05  Pylon  
  84  7:07  Pylon  
  84  7:08  Probe  
  85  7:10  Probe  
  86  7:18  Sentry  
  86  7:19  Sentry  
  90  7:27  Probe  
  91  7:32  Templar Archives  
  91  7:35  Stalker  
  91  7:36  Stalker  
  95  7:43  Warp Prism  
  95  7:58  Probe  
  98  7:59  Charge  
  98  8:02  Probe  
  99  8:10  Probe  
  100  8:18  Colossus  
  106  8:22  Probe  
  107  8:34  Probe  
  79  9:05  Stalker  
  79  9:06  Stalker x3  
  79  9:09  Probe  
  88  9:16  Gateway x2  
  88  9:20  Protoss Ground Armor Level 2, Protoss Ground Weapons Level 2  
  88  9:21  Probe  
  88  9:22  Gateway  
  88  9:23  Gateway  
  85  9:33  Gateway  
  85  9:34  Gateway  
  85  9:43  Stalker  
  85  9:44  Zealot x3  
  93  9:52  Probe  
  94  9:54  Assimilator  
  94  9:59  Assimilator  
  94  10:01  Shield Battery  
  94  10:03  Probe  
  94  10:04  Shield Battery, Probe  
  94  10:05  Psionic Storm, Blink  
  96  10:07  Photon Cannon  
  96  10:08  Photon Cannon  
  96  10:11  Gateway  
  96  10:12  Photon Cannon  
  96  10:13  Gateway, Probe  
  97  10:16  Gateway  
  97  10:18  Gateway  
  97  10:25  Probe  
  97  10:26  Zealot x3  
  97  10:27  Zealot x4  
  97  10:28  Zealot  
  114  10:32  Colossus  
  120  10:37  Probe  
  104  10:50  Probe  
  104  10:51  Stalker  
  104  10:52  Stalker  
  104  10:54  Zealot x5  
  104  10:55  Zealot  
  118  11:17  High Templar x5  
  118  11:18  High Templar  
  118  11:22  Archon x3  
  108  11:27  Probe  
  108  11:29  Probe  
  108  11:39  Probe  
  99  11:41  Probe  
  99  11:42  Zealot  
  99  11:43  Zealot  
  98  11:59  Nexus  
  98  12:01  Stalker x3, Pylon  
  100  12:02  Stalker x3  
  100  12:04  Pylon  
  106  12:29  Stalker x6  
  118  12:30  Stalker x2  
Show
View Real Time Build Order
Export as new Build Order

Ser Protoss 

Build Orders: Nexus First 

Get SALT Encoding   

  12  0:00  Probe  
  13  0:08  Probe  
  14  0:46  Nexus  
  14  0:51  Probe  
  15  1:02  Pylon  
  15  1:20  Probe  
  16  1:28  Probe  
  17  1:36  Probe  
  17  1:39  Assimilator  
  17  1:43  Assimilator  
  17  1:46  Probe  
  18  1:50  Pylon  
  18  1:51  Gateway  
  19  2:37  Forge  
  19  2:38  Probe  
  20  2:50  Probe  
  21  2:56  Cybernetics Core  
  21  3:01  Probe  
  21  3:03  Probe  
  23  3:10  Assimilator  
  23  3:15  Probe  
  23  3:17  Pylon  
  24  3:27  Probe  
  24  3:28  Photon Cannon  
  25  3:34  Assimilator  
  25  3:35  Probe  
  25  3:39  Probe  
  27  3:43  Stargate  
  27  3:48  Probe  
  28  3:49  Stargate, Probe  
  29  3:57  Probe  
  29  4:00  Probe  
  31  4:05  Stargate  
  31  4:12  Probe  
  32  4:22  Stargate  
  32  4:23  Photon Cannon  
  32  4:25  Probe  
  32  4:37  Void Ray  
  32  4:44  Void Ray, Probe  
  29  4:53  Probe  
  25  5:12  Void Ray  
  25  5:20  Probe  
  30  5:36  Probe  
  31  5:48  Pylon  
  31  5:49  Pylon  
  31  6:01  Void Ray  
  35  6:23  Probe  
  36  6:36  Probe  
  37  6:40  Void Ray  
  41  6:59  Void Ray  
  45  7:03  Probe  
  46  7:18  Pylon  
  46  7:21  Pylon  
  46  7:47  Nexus  
  46  8:02  Void Ray  
  50  8:11  Protoss Air Weapons Level 1, Probe  
  51  8:35  Void Ray  
  55  8:58  Void Ray  
  59  9:09  Void Ray  
  63  9:13  Probe  
  64  9:18  Probe  
  65  9:37  Void Ray  
  65  9:41  Void Ray  
  69  9:49  Probe  
  74  9:57  Probe  
  74  10:06  Probe  
  75  10:10  Probe  
  77  10:22  Probe  
  77  10:25  Pylon  
  78  10:31  Assimilator  
  78  10:36  Assimilator  
  78  10:40  Probe  
  78  10:41  Pylon  
  78  10:43  Void Ray  
  78  10:49  Probe  
  83  10:56  Pylon  
  84  10:58  Probe  
  84  10:59  Pylon  
  85  11:10  Probe  
  80  11:47  Void Ray x2  
  80  11:48  Void Ray  
Show
View Real Time Build Order
Export as new Build Order

TeaBee Terran 

Build Orders: Mech 

Get SALT Encoding   

  12  0:02  SCV  
  13  0:14  SCV  
  13  0:20  Supply Depot  
  14  0:26  SCV  
  15  0:36  Refinery  
  15  0:42  SCV  
  16  0:48  Barracks  
  16  0:54  SCV  
  17  1:06  SCV  
  18  1:18  SCV  
  19  1:30  SCV  
  20  1:38  Reaper  
  21  1:46  Command Center  
  21  1:48  Orbital Command  
  21  2:30  Factory  
  21  2:31  SCV  
  21  2:33  Refinery  
  22  2:45  Barracks Tech Lab  
  22  2:46  SCV  
  23  2:58  SCV  
  24  3:03  Orbital Command  
  23  3:24  Engineering Bay  
  23  3:27  Marauder  
  23  3:28  Widow Mine  
  23  3:30  Starport  
  27  3:36  SCV x2  
  29  3:51  Orbital Command  
  29  3:55  Factory Reactor  
  29  3:59  Marauder, Command Center  
  31  4:04  SCV  
  31  4:07  Liberator  
  31  4:08  Supply Depot  
  32  4:11  Missile Turret  
  32  4:16  SCV  
  34  4:20  SCV  
  34  4:24  Missile Turret  
  37  4:42  SCV x2  
  39  4:46  Refinery x2  
  39  4:47  Widow Mine x2  
  39  4:51  Marauder, Factory  
  45  4:54  SCV  
  45  4:57  Missile Turret  
  46  5:02  Supply Depot  
  46  5:05  Refinery  
  46  5:10  SCV x2  
  46  5:13  Orbital Command  
  48  5:23  SCV  
  48  5:27  SCV  
  50  5:35  SCV  
  52  5:57  SCV x3  
  54  6:04  Starport Reactor  
  54  6:09  SCV  
  55  6:17  Siege Tank  
  62  6:18  Widow Mine x2  
  62  6:22  SCV x2  
  62  6:23  SCV  
  62  6:34  SCV  
  62  6:35  SCV x2  
  62  6:38  Missile Turret  
  65  6:40  Missile Turret  
  65  6:45  Refinery  
  65  6:46  SCV  
  66  6:47  Viking  
  68  6:55  Supply Depot  
  68  6:56  Widow Mine x2, Siege Tank, Viking  
  68  6:57  Supply Depot  
  77  7:05  Barracks Reactor  
  77  7:07  Factory  
  77  7:09  Factory  
  77  7:16  SCV x3  
  77  7:18  Supply Depot  
  77  7:22  Supply Depot  
  80  7:28  SCV x3  
  83  7:31  Siege Tank  
  83  7:32  Hellion x2  
  90  7:39  Armory, Hi-Sec Auto Tracking  
  90  7:41  SCV x3  
  93  7:51  Missile Turret  
  93  7:53  SCV x3  
  96  8:03  Viking x2  
  96  8:05  SCV x3  
  103  8:13  Factory Tech Lab  
  103  8:17  SCV x2  
  103  8:18  Supply Depot  
  103  8:19  Supply Depot, SCV  
  106  8:29  SCV x2  
  102  8:42  Supply Depot  
  102  8:45  Supply Depot  
  75  9:03  SCV  
  75  9:04  SCV  
  76  9:15  Hellion x5, SCV  
  76  9:16  Siege Tank  
  79  9:17  Viking x2  
  94  9:34  SCV x2  
  94  9:36  Siege Tank  
  97  9:46  SCV x2  
  97  9:47  Viking  
  97  9:48  Orbital Command  
  101  9:58  SCV x2  
  103  10:03  Refinery  
  103  10:05  Thor  
  109  10:08  Thor, Terran Vehicle Weapons Level 1  
  109  10:09  Command Center  
  109  10:10  Armory, SCV x2  
  109  10:12  Supply Depot  
  117  10:22  SCV x2  
  117  10:23  SCV  
  120  10:33  Viking x2  
  120  10:34  SCV  
  120  10:35  SCV  
  126  10:41  Refinery  
  117  10:44  Refinery  
  91  10:52  Widow Mine x3  
  81  10:57  Widow Mine  
  62  11:19  SCV  
  62  11:23  Orbital Command  
  57  11:31  SCV  
  49  11:43  SCV  
  41  11:50  Factory  
  41  11:51  Factory  
  41  11:54  Factory  
  41  11:58  Factory  
Tags
 
Add a new tag
Caveats
  • Supply blocks, unpowered buildings, or Contaminate may cause inaccurate times.
  • Supply counts are checked every 10 seconds.